 Dungeon Crawl Stone Soup version 0.19-a0-630-g098d46c (webtiles) character file.

957 FitzyFitz the Carver (level 8, -4/48 HPs)
             Began as a Tengu Gladiator on June 14, 2016.
             Was a Believer of Uskayaw.
             Slain by an ogre
             ... wielding a +0 giant spiked club
              (25 damage)
             ... on level 6 of the Dungeon.
             The game lasted 00:14:58 (5699 turns).

FitzyFitz the Carver (Tengu Gladiator)              Turns: 5699, Time: 00:14:58

Health: -4/48      AC:  4    Str: 15    XL:     8   Next: 14%
Magic:  9/9        EV: 15    Int: 14    God:    Uskayaw [**....]
Gold:   187        SH:  0    Dex: 16    Spells: 0 memorised, 7 levels left

rFire  + . .     SeeInvis .     a - +0 long sword
rCold  . . .     Gourm    .     u - +0 leather armour {rF+}
rNeg   . . .     Faith    .     (no shield)
rPois  .         Spirit   .     c - +0 hat
rElec  .         Dismiss  .     C - +0 cloak
rCorr  +         Reflect  .     (no gloves)
SustAt .         Harm     .     (boots unavailable)
MR     .....                    q - amulet of regeneration
Stlth  +.........               y - +4 ring of intelligence
                                x - ring of resist corrosion

@: not resistant to hostile enchantments, very unstealthy
A: beak, talons 3, able to fly 1
a: Fly, Stomp, Line Pass, Renounce Religion


You were on level 6 of the Dungeon.
You worshipped Uskayaw.
Uskayaw was pleased with you.
You were not hungry.

You visited 2 branches of the dungeon, and saw 7 of its levels.

You collected 187 gold pieces.

Inventory:

Hand Weapons
 a - a +0 long sword (weapon)
 b - a +2 hunting sling of velocity
 t - a +0 falchion of holy wrath
Missiles
 d - a throwing net (quivered)
 e - 195 stones
 w - 5 tomahawks
 z - 7 javelins
Armour
 c - a +0 hat (worn)
 u - a +0 leather armour of fire resistance (worn)
 C - a +0 cloak (worn)
Jewellery
 q - an amulet of regeneration (around neck)
 x - a ring of resist corrosion (left hand)
 y - a +4 ring of intelligence (right hand)
Wands
 r - a wand of flame (28/48)
Scrolls
 g - 3 scrolls of remove curse
 i - a scroll of random uselessness {unknown}
 j - a scroll of blinking {unknown}
 k - a scroll of fear
 o - a scroll of noise
 v - a scroll of magic mapping {unknown}
 F - a scroll of identify
Potions
 h - a potion of heal wounds
 n - a potion of curing
 s - a potion of magic
Books
 l - a book of the Warp

   Spells                             Type                      Level
   a - Recall                         Summoning/Translocation      3
   b - Gell's Gravitas                Hexes/Translocation          3
   c - Force Lance                    Conjuration/Translocation    4
   d - Warp Weapon                    Charms/Translocation         5
   e - Summon Forest                  Summoning/Translocation      5
 A - a book of the Dragon

   Spells                             Type                      Level
   a - Flame Tongue                   Conjuration/Fire             1
   b - Cause Fear                     Hexes                        4
   c - Bolt of Fire                   Conjuration/Fire             6
   d - Dragon Form                    Transmutation                7
   e - Dragon's Call                  Summoning                    9
 B - a book of Geomancy

   Spells                             Type                      Level
   a - Sandblast                      Earth                        1
   b - Passwall                       Transmutation/Earth          2
   c - Stone Arrow                    Conjuration/Earth            3
   d - Petrify                        Transmutation/Earth          4
   e - Lee's Rapid Deconstruction     Earth                        5
Comestibles
 f - 2 bread rations
 m - 5 meat rations
 p - 4 fruits
 D - 3 chunks of flesh
 E - a beef jerky


   Skills:
 + Level 4.8 Fighting
 * Level 8.1 Long Blades
 - Level 1.6(2.1) Slings
 - Level 2.0(2.3) Throwing
 - Level 5.1 Dodging


You had 7 spell levels left.
You didn't know any spells.

Dungeon Overview and Level Annotations

Branches:
Dungeon (6/15)             Temple (1/1) D:4

Altars:
Ashenzari
Fedhas
Makhleb
Nemelex Xobeh
Pakellas
Uskayaw
Zin
The Shining One

Shops:
D:5 ?   D:6 *

Annotations:
D:6 Shard1697's ghost, novice DEFE


Innate Abilities, Weirdness & Mutations

You have a beak for a mouth.
You have claws for feet.
You can fly.


Message History

You shoot a stone. The stone closely misses the ogre.
A worker ant comes into view.
Firing (i - inventory. (,) - cycle):
e - 196 stones (quivered)
Press: ? - help, Shift-Dir - straight line, f/p - ogre
Aim: an ogre, wielding a giant spiked club (lightly wounded)
You shoot a stone.
The worker ant twitches its antennae in your direction.
The stone hits the ogre.
The ogre is moderately wounded.
a - a +0 long sword (weapon)
You hit the ogre. You claw the ogre.
The ogre is heavily wounded.
The ogre hits you with a giant spiked club!!
Ouch! That really hurt!
You can now pass through a line of other dancers.
You hit the ogre.
The ogre is severely wounded.
The ogre hits you with a giant spiked club!!
Ouch! That really hurt!
You die...

##############
######............#
#.......####.####.#
##>.)..#.##.....##..
......#.#.......#..
#.......#.......#..
#.####.....#....._......
#..........#.#.......#..
(....aO@.....#.......#..
#..#####.....##.....##..
#.###.####.####.. #.#
#...........#
#.###...###..####
#......## #.## ##..####
#<# ### #..# #.###<.
#..# #.#....


You could see an ogre and a worker ant.

Vanquished Creatures
  A water moccasin (D:6)
  An orc warrior (D:5)
  Blork the orc (D:4)
  2 scorpions (D:5)
  2 crimson imps (D:5)
  3 hounds
  A giant frog skeleton (D:5)
  2 orc priests
  2 orc wizards
  2 worker ants
  A howler monkey zombie (D:5)
  7 adders
  A shadow imp (D:5)
  2 oozes
  3 worms
  A giant gecko (D:2)
  20 orcs
  5 ball pythons
  4 giant cockroaches
  11 goblins
  11 hobgoblins
  15 jackals
  3 quokkas
  8 bats
  A giant gecko zombie (D:5)
  5 giant newts
  12 kobolds
  5 rats
132 creatures vanquished.

Notes
Turn   | Place    | Note
--------------------------------------------------------------
     0 | D:1      | FitzyFitz the Tengu Gladiator began the quest for the Orb.
     0 | D:1      | Reached XP level 1. HP: 12/12 MP: 2/2
   370 | D:1      | Reached XP level 2. HP: 17/17 MP: 3/3
   771 | D:1      | Reached XP level 3. HP: 15/22 MP: 4/4
   951 | D:1      | Reached skill level 4 in Long Blades
  1631 | D:2      | Reached XP level 4. HP: 18/27 MP: 5/5
  2587 | D:3      | Gained mutation: You can fly. [Tengu growth]
  2587 | D:3      | Reached XP level 5. HP: 32/32 MP: 6/6
  2605 | D:3      | Reached skill level 5 in Long Blades
  2691 | D:3      | Found a glowing golden altar of the Shining One.
  3144 | D:4      | Reached skill level 1 in Slings
  3144 | D:4      | Reached XP level 6. HP: 25/37 MP: 7/7
  3500 | D:4      | Noticed Blork the orc
  3528 | D:4      | Found a glowing silver altar of Zin.
  3691 | D:4      | Found a staircase to the Ecumenical Temple.
  3705 | Temple   | Entered the Ecumenical Temple
  3713 | Temple   | Became a worshipper of Uskayaw the Reveler
  3882 | D:5      | Entered Level 5 of the Dungeon
  3928 | D:5      | Noticed an orc warrior
  3959 | D:4      | Reached * piety under Uskayaw
  3960 | D:4      | Killed Blork the orc
  4104 | D:5      | Reached ** piety under Uskayaw
  4105 | D:5      | Reached skill level 6 in Long Blades
  4135 | D:5      | Reached *** piety under Uskayaw
  4136 | D:5      | Killed an orc warrior
  4136 | D:5      | Reached skill level 5 in Dodging
  4136 | D:5      | Reached XP level 7. HP: 23/42 MP: 8/8
  4189 | D:5      | Found a blossoming altar of Fedhas.
  4605 | D:5      | Found an oddly glowing altar of Pakellas.
  4642 | D:5      | Found Myrie's Magic Scroll Boutique.
  4644 | D:5      | Reached skill level 7 in Long Blades
  5376 | D:6      | Found Duddet's Serpentskin Sales.
  5383 | D:6      | Reached XP level 8. HP: 35/48 MP: 9/9
  5506 | D:6      | Reached skill level 8 in Long Blades
  5601 | D:6      | Noticed Shard1697's ghost (novice DEFE)
  5638 | D:6      | Found a shattered altar of Ashenzari.
  5699 | D:6      | Slain by an ogre

Vault maps used:
D:1:      dpeg_arrival_water_temple_mockup, minmay_bisected
D:3:      nicolae_tso_carved_into_rock, first_bread
D:4:      zin_academy, minmay_temple_entry_purple_smoke, uniq_blork_the_orc
D:5:      kennysheep_big_flooded_room, lemuel_crystal_altar, basic_altar,
          serial_shops, nicolae_shop_temple_entry_statues_fountains
D:6:      old_standard_altar, gammafunk_temple_overflow_claw,
          lemuel_crystal_altar, guppyfry_shop_venom
Temple:   circular_temple_pool_12

Skill      XL: |  1  2  3  4  5  6  7  8 |
---------------+-------------------------+-----
Long Blades    | 4 5 6 7 8 |  8.1
Dodging        | 4 5 |  5.1
Fighting       | 3 4 |  4.8
Slings         | 1 |  1.6
Throwing       | |  2.0

Action                   |  1- 3 |  4- 6 |  7- 9 || total
-------------------------+-------+-------+-------++-------
Melee: Long sword        |   118 |   158 |   119 ||   395
       Peck              |    21 |    28 |    25 ||    74
       Kick              |    22 |    43 |    33 ||    98
 Fire: Hunting sling     |       |    12 |     3 ||    15
Throw: Stone             |       |     3 |       ||     3
       Throwing net      |       |     2 |       ||     2
  Use: Scroll            |       |     6 |     2 ||     8
       Potion            |       |     2 |       ||     2
 Stab: Paralysed         |       |     1 |     1 ||     2
       Held in net/web   |       |     1 |       ||     1
  Eat: Chunk             |     2 |     7 |     2 ||    11
       Meat ration       |       |     1 |       ||     1
Armor: Leather armour    |    35 |    25 |    12 ||    72
Dodge: Dodged            |   104 |   101 |   100 ||   305
